 Dungeon Crawl Stone Soup version 0.31-a0-187-gba352fbbf7 (webtiles) character file.

Game seed: 8272606379999500940

22 qw the Shooter (level 2, 0/16 HPs)
             Began as a Deep Elf Hunter on June 22, 2023.
             Slain by a worm (7 damage)
             ... on level 2 of the Dungeon.
             The game lasted 00:00:13 (772 turns).

qw the Shooter (Deep Elf Hunter)                     Turns: 772, Time: 00:00:14

Health: 0/16       AC:  3    Str:  8    XL:     2   Next: 68%
Magic:  4/4        EV: 12    Int: 13    God:
Gold:   9          SH:  0    Dex: 18    Spells: 1/1 levels left

rFire   . . .        Y - +0 shortbow
rCold   . . .        (shield currently unavailable)
rNeg    . . .        c - +0 leather armour
rPois   .            (no helmet)
rElec   .            (no cloak)
rCorr   .            (no gloves)
SInv    .            (no boots)
Will    .....        (no amulet)
Stlth   ++           (no ring)
HPRegen 0.22/turn    (no ring)
MPRegen 0.09/turn

%: no passive effects
@: no status effects
A: no striking features
a: no special abilities


You were on level 2 of the Dungeon.
You visited 1 branch of the dungeon, and saw 2 of its levels.

You collected 9 gold pieces.


   Skills:
 - Level 1.5 Fighting
 + Level 6.4 Ranged Weapons
 - Level 2.4 Dodging
 - Level 1.2 Stealth


You had one spell level left.
You didn't know any spells.
Your spell library was empty.

Inventory:

Hand Weapons
 Y - a +0 shortbow (weapon)
Armour
 c - a +0 leather armour (worn)
Scrolls
 e - a scroll of identify
Potions
 f - a potion of brilliance {unknown}

Dungeon Overview and Level Annotations

Branches:
Dungeon (2/15)

Altars:

Shops:
D:2 !


Message History

The rat barely misses you. The jackal bites you.
746 ||| STAIRDANCE The jackal barely misses you.
The rat bites you.
You climb upwards.
There is a stone staircase leading down here.
Enter note:
Enter note:
Enter note:
Enter note:
Enter note: You shoot an arrow.
The arrow closely misses the jackal.
The jackal barely misses you. The rat barely misses you. The jackal bites you.
You shoot an arrow. The arrow hits the jackal.
The jackal is almost dead.
The jackal bites you but does no damage.
The rat bites you but does no damage. The jackal completely misses you.
You shoot an arrow. The arrow hits the jackal!
You kill the jackal!
The rat bites you but does no damage.
You shoot an arrow. The arrow hits the rat!
You kill the rat!
You start resting.
HP restored.
Done exploring.
(D) Dungeon
Where to? (* - list waypoints, Enter - D:2, ? - help)
What level of the Dungeon? (default 1, ? - help)
You climb downwards.
A bat comes into view.
The jackal bites you but does no damage.
The hobgoblin closely misses you.
The bat moves out of view.
There is a stone staircase leading up here.
You shoot an arrow. The arrow hits the jackal.
You kill the jackal!
The hobgoblin hits you but does no damage.
The worm bites you!
Ouch! That really hurt!
772 ||| STAIRDANCE The hobgoblin hits you.
The worm bites you!
You die...

b......
.....#.
......\
....... #
....... .##
.......##..
......w..#
#.@g# #.#%#
#. ... ##
.#..#
...... ..
.... ...
... ... ..:


You could see a worm, a hobgoblin and a bat (wandering).

Vanquished Creatures
  2 dart slugs (D:1)
  A ball python (D:1)
  3 bats (D:1)
  A giant cockroach (D:1)
  2 goblins (D:1)
  2 jackals
  A quokka (D:1)
  A frilled lizard (D:1)
  A kobold (D:1)
  3 rats (D:1)
17 creatures vanquished.

Notes
Turn   | Place    | Note
-------+----------+-------------------------------------------
     0 | D:1      | qw the Deep Elf Hunter began the quest for the Orb.
     0 | D:1      | Reached XP level 1. HP: 12/12 MP: 3/3
     0 | D:1      | 0 ||| qw: Version: 0.3-a-9-g12657ce
     0 | D:1      | 0 ||| qw: Game counter: 2462
     0 | D:1      | 0 ||| qw: Always use a shield: true
     0 | D:1      | 0 ||| qw: God list: Okawaru
     0 | D:1      | 0 ||| qw: Allow faded altars: false
     0 | D:1      | 0 ||| qw: Do Orc after D:15 true
     0 | D:1      | 0 ||| qw: Do second Lair branch before Depths: true
     0 | D:1      | 0 ||| qw: Lair rune preference: random
     0 | D:1      | 0 ||| qw: Plans: Normal
     0 | D:1      | 0 ||| PLANNING D:1-11
   396 | D:1      | Reached skill level 6 in Ranged Weapons
   396 | D:1      | Reached XP level 2. HP: 16/16 MP: 4/4
   704 | D:1      | 704 ||| READING scroll labelled QEYRAO RAMA.
   705 | D:1      | 705 ||| READING 2 scrolls labelled LESKUSHOMN.
   706 | D:1      | 706 ||| DROPPING scroll of butterflies.
   743 | D:2      | Found Plog's Distillery.
   746 | D:2      | 746 ||| STAIRDANCE
   772 | D:2      | 772 ||| STAIRDANCE
   772 | D:2      | Slain by a worm

Levels and vault maps discovered:
D:1:      dpeg_arrival_three_smaller_balls, layout_basic, nrook_loot_triangle,
          minmay_misc_feat_five
D:2:      layout_rooms, serial_shops, nicolae_shop_scrapyard, shop

Skill      XL: |  1 |
---------------+----+-----
Ranged Weapons | 6 |  6.4
Fighting       | |  1.5
Dodging        | |  2.4
Stealth        | |  1.2

Action                     || total
---------------------------++-------
   Fire: Shortbow          ||    48
    Use: Scroll            ||     2
 Armour: Leather armour    ||     8
  Dodge: Dodged            ||    28

Table legend:
 A = Non-vault XP
 B = Vault XP
 C = Vault XP percentage of total XP
 D = Non-vault monster count
 E = Vault monster count
 F = Vault count percentage of total count
                 A         B        C        D         E       F
            +---------+---------+-------+---------+---------+-------
      Total |      32 |       0 |   0.0 |      17 |       0 |   0.0
            +---------+---------+-------+---------+---------+-------
        D:1 |      30 |       0 |   0.0 |      16 |       0 |   0.0
        D:2 |       2 |       0 |   0.0 |       1 |       0 |   0.0
            +---------+---------+-------+---------+---------+-------
